AoeStats
← -Hebecri-

Arena

510345566Analyzed
4v4 RM · 2d ago on Sep 30, 2026· 54m 50s· 8 players
Game mode
Random Map
Map size
Large (8 player)
Population
200
Speed
Normal
Resources
Standard
Victory
Conquest
Starting age
Dark Age
Ending age
Imperial Age
RankedLock teamsTeams togetherTeam positionsShared explorationLock speedFull tech treeHidden civsTurbo modeCheats
Victory
Defeat
🇲🇽 Teutons · Mexico
953
+12
🇪🇸 Mongols · Spain
929
+13
🇨🇴 Italians · Colombia
909
+14
🇺🇸 Malay · United States
897
+14
🇬🇧 Spanish · United Kingdom
950
-16
🇮🇳 Saracens · India
856
-13
🇮🇳 Jurchens · India
828
-12
🇧🇷 Persians · Brazil
824
-12
Zar
7:21 Loom
13:27 Feudal Age
17:36 Castle Age
16:09 Double-Bit Axe
18:05 Wheelbarrow
17:23 Horse Collar
18:27 Town Watch
20:54 Stone Mining
24:18 Forging
29:16 Hand Cart
30:12 Iron Casting
33:55 Imperial Age
32:16 Arson
32:33 Squires
34:52 Elite Karambit Warrior
35:56 Conscription
35:57 Pikeman
37:45 Blast Furnace
36:43 Halberdier
37:31 Fletching
39:10 Forced Levy
38:33 Man-at-Arms
40:26 Long Swordsman
43:28 Bodkin Arrow
42:57 Two-Handed Swordsman
Thorin escudo de Roble
9:21 Feudal Age
15:16 Castle Age
13:46 Stone Mining
14:17 Double-Bit Axe
16:23 Wheelbarrow
20:18 Gold Mining
21:13 Horse Collar
22:54 Hand Cart
23:38 Heavy Plow
23:57 Bow Saw
29:19 Imperial Age
27:19 Forging
26:59 Fletching
27:55 Ironclad
28:18 Ballistics
27:43 Elite Skirmisher
29:08 Iron Casting
28:34 Padded Archer Armor
29:43 Scale Mail Armor
30:24 Conscription
30:06 Capped Ram
30:48 Bodkin Arrow
35:38 Blast Furnace
34:27 Gambesons
34:49 Squires
35:31 Leather Archer Armor
35:32 Chain Mail Armor
37:31 Arson
39:48 Plate Mail Armor
40:51 Elite Teutonic Knight
43:30 Chemistry
44:26 Scale Barding Armor
45:16 Ring Archer Armor
45:01 Siege Engineers
45:49 Chain Barding Armor
45:53 Bloodlines
45:04 Cavalier
49:48 Plate Barding Armor
-Hebecri-
7:10 Loom
11:09 Feudal Age
12:41 Double-Bit Axe
13:25 Horse Collar
18:40 Castle Age
22:01 Fletching
23:09 Bow Saw
25:56 Wheelbarrow
28:40 Bodkin Arrow
29:23 Stone Mining
29:24 Gold Mining
30:22 Redemption
35:02 Imperial Age
35:35 Padded Archer Armor
40:11 Ballistics
40:52 Chemistry
39:33 Elite Genoese Crossbowman
41:10 Bracer
44:26 Scale Mail Armor
44:37 Forging
47:09 Guilds
48:16 Chain Mail Armor
48:37 Iron Casting
51:09 Plate Mail Armor
52:24 Blast Furnace
54:28 Masonry
54:14 Murder Holes
54:59 Conscription
55:02 Arson
55:18 Squires
OvertChunk95
1:40 Loom
13:48 Feudal Age
18:27 Castle Age
16:34 Double-Bit Axe
16:35 Horse Collar
19:57 Wheelbarrow
27:48 Imperial Age
25:50 Bow Saw
29:09 Heavy Plow
31:11 Fletching
32:30 Gold Mining
32:36 Stone Mining
33:46 Ballistics
34:26 Bodkin Arrow
34:32 Padded Archer Armor
35:02 Parthian Tactics
34:43 Thumb Ring
35:09 Conscription
36:05 Gold Shaft Mining
35:48 Husbandry
38:00 Bracer
38:16 Leather Archer Armor
38:15 Bloodlines
38:15 Caravan
40:04 Chemistry
39:03 Murder Holes
39:20 Fortified Wall
38:44 Capped Ram
40:44 Drill
39:49 Onager
43:42 Elite Mangudai
45:26 Siege Engineers
45:32 Masonry
44:49 Siege Ram
45:40 Nomads
48:40 Siege Onager
Bredark
0:34 Loom
2:16 Loom
3:23 Loom
9:44 Feudal Age
18:29 Castle Age
17:44 Wheelbarrow
17:09 Stone Mining
17:12 Gold Mining
17:11 Double-Bit Axe
18:01 Horse Collar
19:08 Wheelbarrow
18:40 Padded Archer Armor
19:22 Bloodlines
19:06 Loom
20:41 Forging
23:04 Leather Archer Armor
24:40 Husbandry
25:37 Scale Barding Armor
26:53 Iron Casting
27:16 Chain Barding Armor
28:52 Fletching
28:53 Elite Skirmisher
39:08 Squires
38:29 Pikeman
38:55 Gambesons
43:01 Ballistics
FluxyAshYT
0:26 Loom
12:51 Feudal Age
17:11 Castle Age
15:33 Stone Mining
15:30 Double-Bit Axe
29:17 Imperial Age
29:43 Bow Saw
30:24 Thunderclap Bombs
30:39 Horse Collar
31:40 Wheelbarrow
35:19 Fletching
35:40 Forging
35:31 Padded Archer Armor
37:44 Bodkin Arrow
38:05 Leather Archer Armor
39:23 Scale Barding Armor
39:47 Conscription
41:49 Chain Barding Armor
45:20 Elite Iron Pagoda
Horahlooks
11:27 Feudal Age
11:36 Feudal Age
15:28 Castle Age
14:13 Double-Bit Axe
14:31 Horse Collar
16:41 Bow Saw
22:27 Wheelbarrow
25:08 Town Watch
26:53 Herbal Medicine
30:05 Imperial Age
27:51 Hand Cart
27:32 Gold Mining
28:23 Scale Mail Armor
28:33 Forging
27:48 Pikeman
29:28 Loom
29:54 Inquisition
30:26 Chain Mail Armor
30:47 Iron Casting
30:53 Halberdier
31:34 Squires
32:23 Stone Mining
33:30 Scale Barding Armor
34:25 Blast Furnace
35:40 Chemistry
34:34 Fletching
34:44 Padded Archer Armor
35:34 Fortified Wall
34:48 Elite Skirmisher
35:37 Thumb Ring
38:10 Masonry
39:04 Conscription
39:38 Light Cavalry
40:19 Husbandry
40:34 Heavy Plow
41:37 Two-Man Saw
42:03 Bloodlines
42:47 Bodkin Arrow
43:08 Leather Archer Armor
44:05 Light Cavalry
45:58 Chain Barding Armor
45:39 Bracer
45:18 Hussar
47:23 Ballistics
47:34 Architecture
JAS
11:00 Feudal Age
10:18 Loom
15:35 Castle Age
14:31 Double-Bit Axe
14:30 Horse Collar
18:52 Gold Mining
23:50 Stone Mining
24:04 Heavy Plow
25:24 Wheelbarrow
25:08 Bow Saw
27:21 Gold Shaft Mining
28:22 Hand Cart
31:08 Imperial Age
29:10 Forging
29:01 Scale Mail Armor
30:54 Iron Casting
30:47 Scale Barding Armor
31:06 Ballistics
31:38 Chain Mail Armor
31:32 Padded Archer Armor
31:24 Fletching
31:37 Husbandry
31:48 Bloodlines
33:03 Blast Furnace
33:08 Two-Man Saw
31:41 Heavy Camel Rider
32:42 Bodkin Arrow
33:39 Chain Barding Armor
33:33 Elite Mameluke
36:37 Plate Barding Armor
35:44 Elite Skirmisher
36:32 Thumb Ring
42:51 Bracer
51:02 Leather Archer Armor
51:20 Plate Mail Armor
Connection lost

Rejoining the realm…

Still unreachable

The connection could not be restored.

Session expired

The server has moved on; the page needs a fresh start.